 Dungeon Crawl Stone Soup version 0.17-a0-1591-g7a45446 (webtiles) character file.

34 KINGKRU the Magician (level 3, 0/36 HPs)
             Began as a Human Wizard on July 29, 2015.
             Succumbed to an adder's poison
             ... on level 2 of the Dungeon.
             The game lasted 00:13:26 (1450 turns).

KINGKRU the Magician (Human Wizard)                 Turns: 1450, Time: 00:13:27

Health: 0/36       AC: 21    Str:  7    XL:     3   Next: 50%
Magic:  3/7        EV:  2    Int: 19    God:
Gold:   51         SH:  0    Dex: 11    Spells: 3 memorised, 3 levels left

rFire  . . .     SeeInvis .     i - +0 hand axe
rCold  . . .     Clarity  .     (armour currently unavailable)
rNeg   + + +     SustAt   .     (no shield)
rPois  +         Gourm    .     (helmet currently unavailable)
rElec  .         Spirit   .     (cloak currently unavailable)
rCorr  .         Warding  .     (gloves currently unavailable)
rMut   .         NoTele   +     (boots currently unavailable)
MR     .....                    (no amulet)
Stlth  ++........               (no ring)
                                (no ring)

@: lethally poisoned (0 -> -1), tree-form, not resistant to hostile
enchantments, unstealthy
A: no striking features
a: no special abilities


You were on level 2 of the Dungeon.
You were not hungry.
You were a tree.
You visited 1 branch of the dungeon, and saw 2 of its levels.

You collected 51 gold pieces.

Inventory:

Hand weapons
 f - a +0 short sword
 i - a +0 hand axe (weapon)
Missiles
 e - 18 stones (quivered)
Armour
 a - a +0 robe (melded)
 b - a +1 hat (melded)
Jewellery
 m - an uncursed ring of see invisible {unknown}
Scrolls
 g - 2 scrolls of enchant weapon {unknown}
 h - a scroll of teleportation {unknown}
Books
 c - a book of Minor Magic

   Spells                             Type                      Level
   a - Magic Dart                     Conjuration                  1
   b - Blink                          Translocation                2
   c - Call Imp                       Summoning                    2
   d - Repel Missiles                 Charms/Air                   2
   e - Slow                           Hexes                        2
   f - Conjure Flame                  Conjuration/Fire             3
   g - Mephitic Cloud                 Conjuration/Poison/Air       3
Comestibles
 d - a bread ration


   Skills:
 + Level 0.2 Fighting
 + Level 3.2 Dodging
 - Level 2.0 Stealth
 - Level 3.2 Spellcasting
 - Level 1.1 Conjurations
 + Level 1.2 Summonings
 + Level 1.0 Translocations


You had 3 spell levels left.
You knew the following spells:

 Your Spells              Type           Power        Failure   Level  Hunger
a - Magic Dart            Conj           #...         12%         1    None
b - Call Imp              Summ           #.......     14%         2    ##.....
c - Blink                 Tloc           N/A          17%         2    ##.....


Dungeon Overview and Level Annotations

Branches:
Dungeon (2/15)

Altars:


Message History

Unknown command.
Unknown command.
There is a lethal amount of poison in your body!
There is a lethal amount of poison in your body!
There is a lethal amount of poison in your body!
There is a lethal amount of poison in your body!
There is a lethal amount of poison in your body!
You aren't carrying any potions.
There is a lethal amount of poison in your body!
There is a lethal amount of poison in your body!
There is a lethal amount of poison in your body!
There is a lethal amount of poison in your body!
There is a lethal amount of poison in your body!
There is a lethal amount of poison in your body!
There is a lethal amount of poison in your body!
You cannot move.
You cannot move.
* * * LOW HITPOINT WARNING * * *
You feel sick.
You die...

##### ###########
....# #...#.....#
....# #...#.....#
....######...#.....#
....#... ...#.....#
....#.######.#.....#
..†.............♣..#
#####..#####...†.###
#..# #.###.# #..#
#.# #.# .... ... ...
# ##.... .... .... #
########.##....# #
#.##.$..# #


There were no monsters in sight!

Vanquished Creatures
  2 adders (D:2)
  A worm (D:2)
  2 giant cockroaches
  2 hobgoblins
  3 kobolds
  2 bats
  2 goblins (D:1)
  A rat (D:2)
15 creatures vanquished.

Notes
Turn   | Place    | Note
--------------------------------------------------------------
     0 | D:1      | KINGKRU the Human Wizard began the quest for the Orb.
     0 | D:1      | Reached XP level 1. HP: 13/13 MP: 4/4
   425 | D:1      | Reached XP level 2. HP: 11/19 MP: 0/6
  1063 | D:2      | Reached XP level 3. HP: 11/24 MP: 1/7
  1281 | D:2      | Learned a level 2 spell: Call Imp
  1399 | D:2      | Learned a level 2 spell: Blink
  1444 | D:2      | HP: 1/36 [adder (2)]
  1450 | D:2      | Succumbed to an adder's poison

Vault maps used:
D:1:      sevenhm_arrival_forest_fort_large_4
D:2:      uniq_crazy_yiuf_cottage

Action                   || total
-------------------------++-------
Melee: Unarmed           ||    26
       Hand axe          ||    12
 Cast: Magic Dart        ||    53
       Call Imp          ||     1
  Use: Scroll            ||     3
       Potion            ||     2
  Eat: Meat ration       ||     1
